 Dungeon Sprint DCSS version 0.31.0-7-gf635a9b802 (webtiles) character file.

Game seed: 3388794436733200539

2369 Skitler the Fighter (level 9, -7/81 HPs)
             Began as a Demonspawn Fighter on Jan 24, 2024.
             Was an Initiate of Gozag.
             Mangled by a centaur warrior (11 damage)
             ... in the Dungeon (Sprint IX: "|||||||||||||||||||||||||||||").
             The game lasted 00:03:01 (400 turns).

Skitler the Fighter (Demonspawn Fighter)             Turns: 400, Time: 00:03:02

Health: -7/81      AC: 18    Str: 22    XL:     9   Next: 21%
Magic:  9/9        EV: 14    Int:  8    God:    Gozag
Gold:   129        SH:  6    Dex: 12    Spells: 8/8 levels left

rFire   + . .        n - +2 rapier (venom)
rCold   + . .        c - +0 buckler
rNeg    . . .        p - +2 ring mail
rPois   +            (helmet restricted)
rElec   +            o - +0 cloak
rCorr   +            (no gloves)
SInv    .            (no boots)
Will    .....        (no amulet)
Stlth   +            q - +2 ring of evasion
HPRegen 1.33/turn    r - +2 ring of protection
MPRegen 0.11/turn

%: no teleportation
@: mighty, resistant, gold aura, sanguine armoured, hasted, very quick
A: horns 1, demonic guardian 1, powered by death 1, sanguine armour 1
a: Renounce Religion, Potion Petition, Call Merchant, Bribe Branch


You were in the Dungeon.
You worshipped Gozag.
Gozag was aware of your devotion.
You visited 1 branch You collected 729 gold pieces.
You paid 600 gold pieces to Gozag.

Inventory:

Hand Weapons
 a - a +0 long sword
 m - a +2 halberd of protection
 n - a +2 rapier of venom (weapon)
Armour
 b - a +0 scale mail
 c - a +0 buckler (worn)
 o - a +0 cloak (worn)
 p - a +2 ring mail (worn)
Jewellery
 q - a +2 ring of evasion (left hand)
 r - a +2 ring of protection (right hand)
Wands
 l - a wand of light (10)
Scrolls
 j - 2 scrolls of blinking
 k - 2 scrolls of amnesia
Potions
 e - 4 potions of curing
 h - 4 potions of magic
 i - a potion of invisibility


   Skills:
 * Level 11.5 Fighting
 + Level 7.2(9.3) Short Blades
 * Level 9.1(10.2) Long Blades
 + Level 7.4 Armour
 + Level 3.9 Dodging
 * Level 9.6 Shields


You had 8 spell levels left.
You didn't know any spells.
Your spell library was empty.

Dungeon Overview and Level Annotations

Branches:
Dungeon (1/1)

Altars:
Cheibriados
Dithmenos
Fedhas
Gozag
Hepliaklqana
Kikubaaqudgha
Makhleb
Nemelex Xobeh
Okawaru
Qazlal
Ru
Sif Muna
Trog
Uskayaw
Vehumet
Wu Jian
Xom
Yredelemnul
Jiyva
Lugonu


Innate Abilities, Weirdness & Mutations

You have a pair of small horns on your head.
A weak demonic guardian rushes to your aid.
You regenerate a little health from kills.
When seriously injured, your blood forms armour. (AC +6)


Message History

[a] - 384 gold - curing, magic and heal wounds [b] - 435 gold - haste and heal wounds [c] - 600 gold - resistance, might and haste Purchase which effect?
You no longer have enough gold to petition Gozag for potion effects.
You feel protected.
You feel very mighty all of a sudden.
You feel as though your hastened speed will last longer.
The centaur warrior hits you but does no damage.
The centaur warrior kicks you but does no damage.
The tengu warrior hits you but does no damage.
The tengu warrior pecks you but does no damage.
The tengu warrior completely misses you.
You closely miss the tengu warrior. You headbutt the tengu warrior.
You kill the tengu warrior!
The centaur warrior barely misses you.
The centaur warrior kicks you but does no damage.
Your base Short Blades skill increases to level 6!
Your Armour skill increases to level 7!
Your Shields skill increases to level 9!
You puncture the centaur warrior!
The centaur warrior looks as sick as possible!
The centaur warrior is almost dead.
You kill the centaur warrior!
The centaur warrior wields a +0 orcbow.
The centaur warrior shoots an arrow.
The arrow hits you!
* * * LOW HITPOINT WARNING * * *
The cyclops is distracted by your dazzling golden aura.
The cyclops shouts!
Your Fighting skill increases to level 11!
Your base Short Blades skill increases to level 7!
Your base Long Blades skill increases to level 9!
You have reached level 9!
Your experience leads to an increase in your attributes!
Increase (S)trength, (I)ntelligence, or (D)exterity?
You feel stronger. x2; Your demonic ancestry asserts itself...
You feel the presence of a demonic guardian.
The centaur warrior unwields a +0 orcbow.
The centaur warrior hits you!
You die...
Your body crumbles into a pile of gold. ▓▓▓▓▓▓▓▓▓▓▓▓▓▓▓▓▓▓▓▓▓▓▓▓▓ +....C9c@.$..)))..[..)..' ▓▓▓▓▓▓▓▓▓▓▓▓▓▓▓▓▓▓▓▓▓▓▓▓▓

You could see a centaur warrior, a cyclops and a gargoyle.

Vanquished Creatures
  A centaur warrior (D)
  A boulder beetle (D)
  A tengu warrior (D)
  A yak (D)
  A steam dragon (D)
  2 centaurs (D)
  A phantom (D)
  A howler monkey (D)
  An orc priest (D)
  A hound (D)
  2 adders (D)
  A ribbon worm (D)
  2 goblins (D)
  A hobgoblin (D)
  A ball python (D)
  A rat (D)
19 creatures vanquished.

Notes
Turn   | Place    | Note
-------+----------+-------------------------------------------
     0 | D        | Skitler the Demonspawn Fighter began the quest for the Orb.
     0 | D        | Reached XP level 1. HP: 18/18 MP: 1/1
    56 | D        | Noticed a phantom
    56 | D        | Noticed a hound
    63 | D        | Gained mutation: You regenerate a little health from kills.
                  | [demonic ancestry]
    63 | D        | Reached XP level 2. HP: 24/24 MP: 2/2
    66 | D        | Reached skill level 4 in Fighting
    66 | D        | Gained mutation: You have a pair of small horns on your
                  | head. [demonic ancestry]
    66 | D        | Reached XP level 3. HP: 31/31 MP: 3/3
    72 | D        | Reached skill level 5 in Fighting
    80 | D        | Killed a phantom
    81 | D        | Reached skill level 6 in Fighting
    81 | D        | Reached skill level 5 in Shields
    81 | D        | Reached XP level 4. HP: 33/40 MP: 4/4
   100 | D        | Found a snail-covered altar of Cheibriados.
   100 | D        | Found a shadowy altar of Dithmenos.
   100 | D        | Found a blossoming altar of Fedhas.
   100 | D        | Found an opulent altar of Gozag.
   101 | D        | Found a hazy altar of Hepliaklqana.
   102 | D        | Found a viscous altar of Jiyva.
   103 | D        | Found an ancient bone altar of Kikubaaqudgha.
   104 | D        | Found a corrupted altar of Lugonu.
   105 | D        | Found a burning altar of Makhleb.
   106 | D        | Found a sparkling altar of Nemelex Xobeh.
   107 | D        | Found an iron altar of Okawaru.
   108 | D        | Became a worshipper of Gozag Ym Sagoz the Greedy
   109 | D        | Found a stormy altar of Qazlal.
   110 | D        | Found a sacrificial altar of Ru.
   111 | D        | Found a shimmering blue altar of Sif Muna.
   112 | D        | Found a bloodstained altar of Trog.
   113 | D        | Found a hide-covered altar of Uskayaw.
   114 | D        | Found a radiant altar of Vehumet.
   115 | D        | Found an ornate altar of the Wu Jian Council.
   116 | D        | Found a shimmering altar of Xom.
   117 | D        | Found a basalt altar of Yredelemnul.
   185 | D        | Noticed a centaur
   185 | D        | Noticed a steam dragon
   185 | D        | Noticed a centaur
   185 | D        | Noticed a yak
   188 | D        | Reached XP level 5. HP: 35/47 MP: 5/5
   193 | D        | Killed a yak
   194 | D        | Reached skill level 7 in Fighting
   194 | D        | Reached skill level 1 in Short Blades
   194 | D        | Reached skill level 5 in Long Blades
   194 | D        | Reached skill level 5 in Armour
   194 | D        | Reached skill level 1 in Dodging
   194 | D        | Gained mutation: When seriously injured, your blood forms
                  | armour. (AC +6) [demonic ancestry]
   194 | D        | Reached XP level 6. HP: 31/56 MP: 6/6
   200 | D        | Reached skill level 8 in Fighting
   215 | D        | Killed a steam dragon
   216 | D        | Reached skill level 9 in Fighting
   216 | D        | Reached XP level 7. HP: 20/64 MP: 7/7
   354 | D        | Noticed a cyclops
   354 | D        | Noticed a centaur warrior
   354 | D        | Noticed a centaur warrior
   354 | D        | Noticed a tengu warrior
   354 | D        | Noticed a boulder beetle
   354 | D        | Noticed a gargoyle
   370 | D        | Killed a boulder beetle
   371 | D        | Reached skill level 10 in Fighting
   371 | D        | Reached skill level 5 in Short Blades
   371 | D        | Reached XP level 8. HP: 10/72 MP: 8/8
   395 | D        | HP: 2/72 [tengu warrior/+0 war axe (2)]
   398 | D        | Killed a tengu warrior
   399 | D        | Killed a centaur warrior
   400 | D        | Reached skill level 11 in Fighting
   400 | D        | Gained mutation: A weak demonic guardian rushes to your
                  | aid. [demonic ancestry]
   400 | D        | Reached XP level 9. HP: 4/81 MP: 9/9
   400 | D        | Mangled by a centaur warrior

Illustrated notes

Levels and vault maps discovered:
D:        linesprint [early_d, line_temple, items_1, d_10, items_2, lair_1,
          lair_end, items_3, orc_1, orc_end, items_4, d_15, swamp_1, shoals_1,
          snake_1, spider_1, d_20, vaults_1, items_5, swamp_end, shoals_end,
          snake_end, spider_end, vaults_end, d_27, items_6, zot_1, zot_end,
          crypt_end, forest_end, elf_end, slime_end, tomb_end, abyss_end,
          pan_hell_end]

Skill      XL: |  1  2  3  4  5  6  7  8 |
---------------+-------------------------+-----
Armour         | 3 4 5 6 7 |  7.4
Shields        | 3 4 5 6 7 8 9 |  9.6
Long Blades    | 2 3 4 5 6 8 9 |  9.1
Fighting       | 4 6 7 9 10 11 | 11.5
Short Blades   | 1 2 5 7 |  7.2
Dodging        | 1 3 |  3.9

Action                     |  1- 3 |  4- 6 |  7- 9 || total
---------------------------+-------+-------+-------++-------
  Melee: Long sword        |    31 |       |       ||    31
         Headbutt          |     1 |     5 |    11 ||    17
         Rapier            |       |    19 |    37 ||    56
 Invoke: Potion Petition   |       |       |     1 ||     1
    Use: Potion            |     1 |     1 |     5 ||     7
 Armour: Scale mail        |    12 |       |       ||    12
         Ring mail         |       |    14 |    78 ||    92
  Dodge: Dodged            |    12 |    16 |    34 ||    62
  Block: Buckler           |     6 |     8 |    22 ||    36
